 Dungeon Crawl Stone Soup version 0.16-a0-3153-gc6d0c83 (webtiles) character file.

2858 Leibowitz the Nimble (level 10, -3/60 HPs)
             Began as a Kobold Gladiator on Dec 15, 2014.
             Was a Believer of Okawaru.
             Killed from afar by flammableBen's ghost (6 damage)
             ... with a magic dart
             ... on level 7 of the Dungeon.
             The game lasted 00:47:41 (8244 turns).

Leibowitz the Nimble (Kobold Gladiator)             Turns: 8244, Time: 00:47:41

Health: -3/60      AC: 14    Str: 19    XL:     10   Next: 4%
Magic:  10/10      EV: 18    Int:  6    God:    Okawaru [**....]
Gold:   395        SH:  8    Dex: 19    Spells: 0 memorised, 9 levels left

rFire  . . .     SeeInvis .     a - +3 dagger
rCold  . . .     Clarity  .     s - +1 leather armour
rNeg   . . .     SustAb   .     F - +0 shield
rPois  +         Gourm    .     i - +2 hat
rElec  .         Spirit   .     v - +2 cloak {rPois}
rCorr  .         Warding  .     n - +0 pair of gloves
rMut   .         Stasis   .     (no boots)
MR     .....                    (no amulet)
Stlth  +++++.....               (no ring)
                                y - ring of stealth (curse)

@: mighty, drained, not resistant to hostile enchantments, quite stealthy
A: horns 1, rough black scales 1, blurry vision 2, carnivore 3, wild magic 1
a: Heroism, Renounce Religion


You were on level 7 of the Dungeon.
You worshipped Okawaru.
Okawaru was pleased with you.
You were completely stuffed.

You visited 2 branches of the dungeon, and saw 8 of its levels.

You collected 395 gold pieces.

Inventory:

Hand weapons
 a - a +3 dagger (weapon)
 b - a +0 blowgun
 E - a +1 rapier
Missiles
 d - 4 throwing nets (quivered)
 p - 7 curare-tipped needles
 q - 34 poisoned needles
 w - 4 needles of frenzy
Armour
 i - a +2 hat (worn)
 n - a +0 pair of gloves (worn)
 s - a +1 leather armour (worn)
 v - a +2 cloak of poison resistance (worn)
 F - a +0 shield (worn)
Jewellery
 y - a cursed ring of stealth (left hand)
Magical devices
 r - a wand of fireball (0)
 u - a wand of confusion (0)
 x - a wand of heal wounds (4)
Scrolls
 c - 6 scrolls of remove curse
 e - a scroll of fog
 j - 6 scrolls of identify
 k - a scroll of enchant armour
 m - a scroll of amnesia
 t - 3 scrolls of teleportation
 B - 2 scrolls of enchant weapon
Potions
 g - 2 potions of brilliance
 h - a potion of agility
 G - a potion of degeneration
Comestibles
 f - 9 meat rations
 l - 2 slices of pizza
 o - a royal jelly


   Skills:
 * Level 5.6(4.7) Fighting
 * Level 8.4(7.5) Short Blades
 + Level 5.0(4.1) Throwing
 + Level 2.2(1.4) Armour
 * Level 9.5(8.6) Dodging
 * Level 8.9(7.9) Stealth
 * Level 1.1(0.3) Shields


You had 9 spell levels left.
You didn't know any spells.

Dungeon Overview and Level Annotations

Branches:
Dungeon (7/15)             Temple (1/1) D:5

Altars:
Ashenzari
Cheibriados
Dithmenos
Elyvilon
Fedhas
Gozag
Makhleb
Nemelex Xobeh
Okawaru
Qazlal
Ru
Sif Muna
Trog
Vehumet
Xom
Yredelemnul
Zin
The Shining One

Annotations:
D:7 flammableBen's ghost, experienced DrCj


Innate Abilities, Weirdness & Mutations

You are small and have problems with some larger weapons.
You are carnivorous and can eat meat at any time.
You have a pair of small horns on your head.
You are partially covered in rough black scales (AC +4, Dex -1).
Scrolls take you longer to read.
Your spells are a little harder to cast, but a little more powerful.


Message History

FlammableBen's ghost is heavily damaged.
FlammableBen's ghost hits you!
* * * LOW HITPOINT WARNING * * *
You feel drained.
* * * LOW HITPOINT WARNING * * *
Drink which item? (? for menu, Esc to quit)
Okay, then.
You closely miss flammableBen's ghost.
FlammableBen's ghost is heavily damaged.
FlammableBen's ghost completely misses you.
You closely miss flammableBen's ghost. You headbutt flammableBen's ghost!
FlammableBen's ghost is severely damaged.
You hit flammableBen's ghost. You headbutt flammableBen's ghost!
FlammableBen's ghost is severely damaged.
Your leather armour prevents you from hitting flammableBen's ghost.
Your headbutt misses flammableBen's ghost.
FlammableBen's ghost is severely damaged.
FlammableBen's ghost casts a spell at you.
The magic dart hits you!
You die...

*,* **'** *,* #.#
*,* #.# *,*
#####.##### *,*
###......##.# *,*
#............ #,*
##.#..........
#.#####.............
#.W@................
#######.........#...
##.#...#.###.#
#.....#.# ###
###...#.# #####.#
##...##
#####.##..####
#####.............


You could see flammableBen's ghost.

Vanquished Creatures
  Eustachio (D:5)
  The ghost of Greenblue the Poker, an average DsFi (D:3)
  Edmund (D:4)
  Menkaure (D:6)
  A sky beast (D:5)
  A black bear (D:7)
  An orc warrior (D:7)
  A necrophage (D:6)
  3 centaurs
  A crocodile (D:7)
  2 ogres
  A giant frog (D:6)
  A scorpion (D:4)
  A water moccasin skeleton (D:4)
  9 wights
  2 goliath beetles
  A crimson imp (D:5)
  A giant frog skeleton (D:7)
  3 hounds
  Crazy Yiuf (D:2)
  3 orc priests
  An iguana (D:4)
  4 orc wizards
  Natasha (D:3)
  5 worker ants
  Ijyb (D:2)
  A hound skeleton (D:5)
  A mummy (D:7)
  Robin (D:2)
  7 adders
  A giant mite (D:2)
  A gnoll (D:1)
  4 worms (D:2)
  5 giant geckos
  An ooze (D:2)
  20 orcs
  4 ball pythons
  19 bats
  A bat skeleton (D:5)
  A bat zombie (D:5)
  14 hobgoblins
  17 jackals
  17 kobolds
  A quokka (D:4)
  2 giant cockroaches (D:2)
  6 giant newts
  19 goblins
  14 rats
206 creatures vanquished.

Vanquished Creatures (collateral kills)
  An orc wizard (D:4)
  2 gnolls (D:6)
  3 orcs (D:4)
  A quokka (D:4)
7 creatures vanquished.

Vanquished Creatures (others)
  An orc wizard (D:4)
  A gnoll (D:6)
  An orc (D:4)
3 creatures vanquished.

Grand Total: 216 creatures vanquished

Notes
Turn   | Place    | Note
--------------------------------------------------------------
     0 | D:1      | Leibowitz, the Kobold Gladiator, began the quest for the Orb.
     0 | D:1      | Reached XP level 1. HP: 12/12 MP: 1/1
   322 | D:1      | Reached XP level 2. HP: 17/17 MP: 2/2
   604 | D:2      | Reached XP level 3. HP: 19/22 MP: 3/3
   661 | D:2      | Reached skill level 1 in Stealth
  1041 | D:2      | Noticed Robin
  1346 | D:1      | Reached XP level 4. HP: 18/27 MP: 4/4
  1475 | D:2      | Killed Robin
  1710 | D:2      | Reached skill level 1 in Armour
  1733 | D:2      | Noticed Ijyb
  1783 | D:2      | Killed Ijyb
  1783 | D:2      | Reached skill level 5 in Short Blades
  1783 | D:2      | Reached XP level 5. HP: 16/31 MP: 5/5
  2463 | D:2      | Noticed Crazy Yiuf
  2468 | D:2      | Killed Crazy Yiuf
  2468 | D:2      | Reached skill level 5 in Dodging
  2630 | D:3      | Reached XP level 6. HP: 34/37 MP: 6/6
  2744 | D:3      | Gained mutation: You are partially covered in rough black scales (AC +4, Dex -1). [potion of beneficial mutation]
  2766 | D:3      | Gained mutation: Your spells are a little harder to cast, but a little more powerful. [potion of mutation]
  2766 | D:3      | Gained mutation: Scrolls take you a little longer to read. [potion of mutation]
  2766 | D:3      | Gained mutation: Scrolls take you longer to read. [potion of mutation]
  2817 | D:3      | Noticed Greenblue's ghost (average DsFi)
  2888 | D:3      | Killed Greenblue's ghost
  3359 | D:3      | Noticed Natasha
  3370 | D:3      | Killed Natasha
  3370 | D:3      | Reached XP level 7. HP: 41/41 MP: 7/7
  3492 | D:3      | Reached skill level 6 in Dodging
  3565 | D:3      | Found a deep blue altar of Sif Muna.
  4150 | D:4      | Noticed Edmund
  4197 | D:4      | Killed Edmund
  4197 | D:4      | Reached skill level 7 in Dodging
  4210 | D:4      | Reached XP level 8. HP: 17/48 MP: 8/8
  4453 | D:4      | Found an opulent altar of Gozag.
  4836 | D:4      | Reached skill level 5 in Stealth
  5273 | D:5      | Entered Level 5 of the Dungeon
  5400 | D:5      | Found a staircase to the Ecumenical Temple.
  5434 | Temple   | Entered the Ecumenical Temple
  5444 | Temple   | Became a worshipper of Warmaster Okawaru
  5998 | D:5      | Noticed Eustachio
  6020 | D:5      | Killed Eustachio
  6020 | D:5      | Acquired Okawaru's first power
  6020 | D:5      | Reached skill level 8 in Dodging
  6020 | D:5      | Reached XP level 9. HP: 53/53 MP: 9/9
  6034 | D:5      | Gained mutation: You have a pair of small horns on your head. [mutagenic meat]
  6135 | D:5      | Found a burning altar of Makhleb.
  6274 | D:5      | Found a blossoming altar of Fedhas.
  6367 | D:5      | Reached skill level 5 in Fighting
  6724 | D:6      | Noticed Menkaure
  6745 | D:6      | Killed Menkaure
  6745 | D:6      | Reached skill level 9 in Dodging
  7570 | D:7      | Found a shadowy altar of Dithmenos.
  7593 | D:7      | Found a basalt altar of Yredelemnul.
  7966 | D:7      | Reached skill level 5 in Throwing
  7966 | D:7      | Reached skill level 1 in Shields
  8014 | D:7      | Reached XP level 10. HP: 49/59 MP: 10/10
  8227 | D:7      | Noticed flammableBen's ghost (experienced DrCj)
  8240 | D:7      | HP: 2/60 [flammableBen's ghost (4)]
  8244 | D:7      | Killed from afar by flammableBen's ghost

Action                   |  1- 3 |  4- 6 |  7- 9 | 10-12 || total
-------------------------+-------+-------+-------+-------++-------
Melee: Rapier            |   121 |   329 |   293 |       ||   743
       Blowgun           |       |       |     1 |       ||     1
       Dagger            |       |       |   104 |    54 ||   158
 Fire: Blowgun           |       |     2 |    62 |       ||    64
Throw: Throwing net      |     2 |     3 |     1 |       ||     6
Evoke: Wand              |       |       |     3 |       ||     3
  Use: Potion            |       |     6 |     8 |     2 ||    16
       Scroll            |       |     8 |     4 |       ||    12
 Stab: Held in net/web   |     2 |     2 |     1 |       ||     5
       Distracted        |     1 |       |     4 |       ||     5
       Sleeping          |       |     3 |    22 |       ||    25
  Eat: Chunk             |    10 |     7 |    15 |     2 ||    34
